 Dungeon Crawl Stone Soup version 0.29.0-11-gd7f09526c8 (webtiles) character file.

Game seed: 17289509490909701601

26432 sanka the Bludgeoner (level 13, 0/145 HPs)
             Began as an Ogre Enchanter on Sept 2, 2022.
             Was a High Priest of Wu Jian.
             Slain by Rupert
             ... wielding a +1 vorpal battleaxe
              (7 damage)
             ... on level 3 of the Lair of Beasts.
             The game lasted 00:35:11 (18509 turns).

sanka the Bludgeoner (Ogre Enchanter)              Turns: 18509, Time: 00:35:12

Health: 0/145      AC: 21    Str: 18    XL:     13   Next: 25%
Magic:  16/16      EV: 10    Int: 20    God:    Wu Jian [*****.]
Gold:   287        SH:  0    Dex:  8    Spells: 16/16 levels left

rFire   . . .      SeeInvis .   R - +6 shillelagh "Devastator" {shatter}
rCold   + + .      Faith    .   (no shield)
rNeg    . . .      Spirit   .   q - +0 ice dragon scales
rPois   .          Reflect  .   (helmet restricted)
rElec   .          Harm     .   d - +1 cloak
rCorr   .          Rampage  .   (gloves unavailable)
Will    +....                   (boots unavailable)
Stlth   ..........              (no amulet)
HPRegen 0.34/turn               P - +4 ring of protection
MPRegen 0.15/turn               I - ring of protection from fire

@: in a heavenly storm, glowing
A: large, unfitting armour, tough skin 1, antennae 1, iridescent scales 1,
clever 1
a: Renounce Religion, Wall Jump, Serpent's Lash, Heavenly Storm


You were on level 3 of the Lair of Beasts.
You worshipped Wu Jian.
Wu Jian was extremely pleased with you.
You visited 2 branches of the dungeon, and saw 14 of its levels.

You collected 755 gold pieces.
You spent 468 gold pieces at shops.


Innate Abilities, Weirdness & Mutations

You are too large for most types of armour.
You have tough skin. (AC +1)
You have a pair of small antennae on your head.
You are partially covered in iridescent scales. (AC +2)
Your mind is acute. (Int +4, Str/Dex -1)


   Skills:
 + Level 13.9 Fighting
 - Level 0.8 Short Blades
 * Level 15.1 Maces & Flails
 + Level 8.4 Armour
 - Level 1.7 Dodging
 - Level 2.1 Stealth
 - Level 2.4 Spellcasting
 - Level 2.6 Hexes


You had 16 spell levels left.
You didn't know any spells.
Your spell library contained the following spells:

 Spells                   Type           Power      Damage    Failure   Level
 Ensorcelled Hibernation  Hex/Ice        14%        N/A       41%         2
 Apportation              Tloc           4%         N/A       45%         1
 Necrotise                Necr           8%         1d4       45%         1
 Summon Small Mammal      Summ           8%         N/A       45%         1
 Confusing Touch          Hex            13%        N/A       45%         3
 Tukima's Dance           Hex            13%        N/A       45%         3
 Scorch                   Fire           4%         2d5       58%         2
 Dazzling Flash           Conj/Hex       14%        N/A       65%         3
 Portal Projectile        Hex/Tloc       14%        N/A       65%         3
 Call Canine Familiar     Summ           2%         N/A       83%         3
 Spider Form              Tmut/Pois      2%         N/A       83%         3
 Anguish                  Hex/Necr       3%         N/A       96%         4
 Leda's Liquefaction      Hex/Erth       3%         N/A       96%         4
 Flame Wave               Conj/Fire      2%         2d4       99%         4
 Olgreb's Toxic Radiance  Pois           2%         N/A       99%         4
 Summon Cactus Giant      Summ           1%         N/A       100%        6
 Ozocubu's Refrigeration  Ice            1%         4d7       100%        7
 Ignition                 Fire           1%         3d3       100%        8

Inventory:

Hand Weapons
 r - a +1 dagger
 D - a +7 war axe of flaming
 R - the +6 shillelagh "Devastator" (weapon) {shatter}

   It releases a powerful concussive burst when it strikes, dealing extra damage
   to the target and all other foes adjacent to them.
 W - a +3 vorpal giant spiked club
Missiles
 f - 15 boomerangs (quivered)
 V - 2 throwing nets {=f}
Armour
 d - a +1 cloak (worn)
 o - +0 steam dragon scales
 q - +0 ice dragon scales (worn)
 B - a +0 robe
 L - a +2 robe of fire resistance
Magical Staves
 j - a staff of death
 w - a staff of poison
Jewellery
 l - a ring of fire
 I - a ring of protection from fire (right hand)
 P - a +4 ring of protection (left hand)
Wands
 a - a wand of mindburst (6)
 C - a wand of iceblast (30)
 E - a wand of polymorph (7)
 J - a wand of digging (12)
 T - a wand of quicksilver (5)
Scrolls
 e - 3 scrolls of noise {!r}
 h - a scroll of butterflies {unknown}
 n - 5 scrolls of vulnerability {!r}
 p - 8 scrolls of teleportation {@r4}
 t - 2 scrolls of silence {unknown}
 v - 2 scrolls of summoning
 x - a scroll of brand weapon
 y - 4 scrolls of poison {!r}
 F - a scroll of immolation {unknown}
 G - 3 scrolls of magic mapping
 K - a scroll of blinking
 M - a scroll of amnesia {unknown}
 U - 2 scrolls of fear
Potions
 c - 4 potions of invisibility
 g - 5 potions of lignification {unknown}
 i - 4 potions of degeneration {unknown}
 k - 3 potions of mutation {!q}
 m - a potion of magic {unknown}
 s - 5 potions of ambrosia
 u - 3 potions of flight
 z - 3 potions of cancellation {unknown}
 A - a potion of heal wounds {@q2}
 N - 3 potions of brilliance {unknown}
 O - a potion of haste {unknown}
 Q - a potion of attraction {unknown}
 S - 3 potions of curing {@q1}

Dungeon Overview and Level Annotations

Branches:
Dungeon (11/15)            Temple (0/1) D:5            Lair (3/5) D:9
  Swamp (0/4) Lair:2        Snake (0/4) Lair:2          Orc (0/2) D:10

Altars:
Elyvilon
Hepliaklqana
Nemelex Xobeh
Okawaru
Uskayaw
Wu Jian
Xom

Shops:
D:4 *   D:7 =

Annotations:
Lair:1 2 transporters
Lair:3 Rupert

......▒
.......▒▒
▒...>...▒▒
▒.......▒▒
▒▒.>.....▒
...###§#▒▒
▒§####f▒▒▒
▒######f.▒▒
▒§▒#O##...▒▒▒
▒. ▒
▒▒#@#...▒.▒ ...
▒▒##....▒▒ ..▒
▒▒.†...▒▒ .P.▒▒
▒.▒.▒...▒....~~
▒▒▒▒......~~~~~
▒.....▒~≈≈▒~
▒..†....≈≈▒
▒▒▒▒......▒


You could see Rupert (berserk).


Message History

Rupert is severely wounded.
Rupert is severely wounded.
Rupert hits you with a +1 vorpal battleaxe.
* * * LOW HITPOINT WARNING * * *
* * * LOW HITPOINT WARNING * * *
Unknown command.
Unknown command.
You sock Rupert!
Rupert shudders.
Rupert is severely wounded.
Rupert hits you with a +1 vorpal battleaxe!
* * * LOW HITPOINT WARNING * * *
* * * LOW HITPOINT WARNING * * *
Unknown command.
You thump Rupert!
Rupert shudders.
Rupert is severely wounded.
Rupert is severely wounded.
Unknown command.
You hit Rupert but do no damage.
Rupert is severely wounded.
Rupert hits you with a +1 vorpal battleaxe!
* * * LOW HITPOINT WARNING * * *
* * * LOW HITPOINT WARNING * * *
Unknown command.
The sentinel's mark upon you fades away.
Rupert hits you but does no damage.
Rupert hits you with a +1 vorpal battleaxe!!
* * * LOW HITPOINT WARNING * * *
You die...

Action                   |  1- 3 |  4- 6 |  7- 9 | 10-12 | 13-15 || total
-------------------------+-------+-------+-------+-------+-------++-------
Melee: Dagger            |   180 |    34 |       |       |       ||   214
       Punch             |     2 |     1 |     4 |     5 |       ||    12
       Morningstar       |       |    87 |       |       |       ||    87
       Flail             |       |   114 |   210 |   318 |       ||   642
       Giant club        |       |       |    77 |   121 |       ||   198
       Shillelagh        |       |       |       |   251 |    59 ||   310
Throw: Boomerang         |    15 |       |     2 |     4 |       ||    21
Invok: Lunge             |     7 |     2 |    15 |    38 |     5 ||    67
       Whirlwind         |       |     3 |    18 |    27 |     3 ||    51
       Serpent's Lash    |       |     1 |    10 |     5 |       ||    16
       Heavenly Storm    |       |       |       |       |     1 ||     1
 Abil: Wall Jump         |       |     3 |       |       |       ||     3
Evoke: Wand              |       |     2 |     3 |       |       ||     5
  Use: Potion            |       |       |     5 |     2 |     1 ||     8
       Scroll            |       |       |       |    13 |     1 ||    14
 Stab: Sleeping          |     4 |       |       |       |       ||     4
Armor: Robe              |    68 |     6 |       |       |       ||    74
       Ice dragon scales |       |   200 |   125 |   465 |    35 ||   825
Dodge: Dodged            |    87 |    77 |    82 |   249 |    18 ||   513

Levels and vault maps discovered:
D:1:      lightli_arrival_statuegarden, layout_basic, basic_ecumenical_altar
D:2:      layout_loops_ring, hangedman_decor_push
D:3:      layout_basic, minmay_misc_feat_encased
D:4:      layout_basic, nemelex_xobeh_ov_fountains_minmay, okawaru_gym_becter,
          serial_shops, shop
D:5:      layout_basic, minmay_temple_entry_enclosed_plants, uniq_blork_the_orc,
          uniq_duvessa
D:6:      layout_loops_cross, grunt_ministairs_14, reono_crystal_passage,
          uniq_sigmund
D:7:      layout_basic, serial_shops, shop, uniq_prince_ribbit1
D:8:      layout_cave_pools, nicolae_wu_jian_wuxing_cycle,
          amethyst_overflow_temple_binary
D:9:      layout_gridville, lemuel_tele_altar, david_lair_shrubbed, special_room
          [special_room_bee]
D:10:     layout_roguey, xom_shifter_show, zombieorc2_lemuel, uniq_joseph
D:11:     layout_cave_pods, uniq_harold
Lair:1:   gammafunk_cloud_chamber, layout_layer_cave
Lair:2:   layout_regular_city, minmay_swamp_entry_worms,
          minmay_snake_entry_guardpost_small
Lair:3:   gammafunk_boulding_lane, layout_hall_layers, serial_rivers,
          chequers_serial_rivers_small_a, chequers_serial_rivers_small_a,
          chequers_serial_rivers_large_b, chequers_serial_rivers_marsh,
          chequers_serial_rivers_small_a, uniq_rupert, uniq_fannar

Notes
Turn   | Place    | Note
-------+----------+-------------------------------------------
     0 | D:1      | sanka the Ogre Enchanter began the quest for the Orb.
     0 | D:1      | Reached XP level 1. HP: 16/16 MP: 3/3
    32 | D:1      | Found a faded altar of an unknown god.
    57 | D:1      | Reached skill level 1 in Fighting
    81 | D:1      | HP: 2/20 [quokka (2)]
    84 | D:1      | Reached skill level 2 in Fighting
    84 | D:1      | Reached XP level 2. HP: 3/28 MP: 5/5
   376 | D:1      | Prayed at the altar of an unknown god.
   376 | D:1      | Became a worshipper of the Wu Jian Council
   376 | D:1      | Reached * piety under Wu Jian
   726 | D:1      | Reached skill level 3 in Fighting
  1015 | D:1      | Reached XP level 3. HP: 37/37 MP: 6/6
  1379 | D:2      | Reached ** piety under Wu Jian
  1380 | D:2      | Reached skill level 4 in Fighting
  1780 | D:2      | Reached XP level 4. HP: 36/49 MP: 7/7
  2311 | D:2      | Identified +0 ice dragon scales
  2487 | D:3      | Reached skill level 5 in Fighting
  3000 | D:3      | Reached skill level 1 in Maces & Flails
  3122 | D:3      | Reached XP level 5. HP: 36/57 MP: 8/8
  3252 | D:3      | Reached skill level 2 in Maces & Flails
  3837 | D:4      | Found a sparkling altar of Nemelex Xobeh.
  3888 | D:4      | Found Yrim's Assorted Antiques.
  3963 | D:4      | Noticed a black bear
  3980 | D:4      | Killed a black bear
  3980 | D:4      | Reached *** piety under Wu Jian
  3981 | D:4      | Reached skill level 3 in Maces & Flails
  3981 | D:4      | Reached XP level 6. HP: 47/66 MP: 9/9
  3983 | D:4      | Reached skill level 4 in Maces & Flails
  4225 | D:4      | Found an iron altar of Okawaru.
  4716 | D:5      | Entered Level 5 of the Dungeon
  4837 | D:5      | Noticed Duvessa
  4837 | D:5      | Noticed Dowan
  4838 | D:5      | Noticed a water moccasin
  4913 | D:5      | Reached skill level 5 in Maces & Flails
  5144 | D:5      | Noticed Blork the orc
  5149 | D:5      | Killed Blork the orc
  5149 | D:5      | Reached XP level 7. HP: 71/72 MP: 10/10
  5226 | D:5      | Killed Duvessa
  5319 | D:5      | Reached skill level 6 in Maces & Flails
  5708 | D:5      | Killed Dowan
  5833 | D:5      | Reached skill level 7 in Maces & Flails
  5833 | D:5      | Reached XP level 8. HP: 60/80 MP: 11/11
  6098 | D:5      | Reached skill level 8 in Maces & Flails
  6267 | D:5      | Found a staircase to the Ecumenical Temple.
  6280 | D:5      | Reached skill level 1 in Armour
  6924 | D:6      | Reached skill level 6 in Fighting
  7120 | D:6      | Reached skill level 2 in Armour
  7120 | D:6      | Reached XP level 9. HP: 78/87 MP: 12/12
  7480 | D:6      | Reached skill level 9 in Maces & Flails
  7713 | D:6      | Noticed Sigmund
  7721 | D:6      | Killed Sigmund
  7855 | D:6      | Gained mutation: You are partially covered in iridescent
                  | scales. (AC +2) [potion of mutation]
  7855 | D:6      | Gained mutation: You have a pair of small antennae on your
                  | head. [potion of mutation]
  7855 | D:6      | Gained mutation: Your mind is acute. (Int +4, Str/Dex -1)
                  | [potion of mutation]
  8134 | D:6      | Reached skill level 7 in Fighting
  8244 | D:6      | Reached skill level 3 in Armour
  8871 | D:7      | Noticed Prince Ribbit
  8917 | D:7      | Killed Prince Ribbit
  8918 | D:7      | Reached skill level 10 in Maces & Flails
  8974 | D:7      | Noticed a four-headed hydra
  8983 | D:7      | Killed a four-headed hydra
  8984 | D:7      | Reached skill level 8 in Fighting
  8984 | D:7      | Reached skill level 4 in Armour
  8984 | D:7      | Reached XP level 10. HP: 106/106 MP: 13/13
  9144 | D:7      | Found Ryle's Jewellery Emporium.
  9398 | D:7      | Identified +0 steam dragon scales
  9862 | D:8      | Reached skill level 9 in Fighting
  9880 | D:8      | Found a hide-covered altar of Uskayaw.
  9890 | D:8      | Found a hazy altar of Hepliaklqana.
 10053 | D:8      | Reached skill level 11 in Maces & Flails
 10373 | D:7      | Bought a +4 ring of protection for 468 gold pieces
 10411 | D:8      | Found an ornate altar of the Wu Jian Council.
 10943 | D:9      | Found the +6 shillelagh "Devastator" {shatter}
 10952 | D:9      | Found a white marble altar of Elyvilon.
 10964 | D:9      | Reached skill level 5 in Armour
 11571 | D:9      | Reached skill level 10 in Fighting
 11645 | D:9      | Reached XP level 11. HP: 116/117 MP: 14/14
 11760 | D:9      | Reached **** piety under Wu Jian
 11774 | D:9      | Reached skill level 12 in Maces & Flails
 12603 | D:9      | HP: 11/119 [killer bee (2)]
 13249 | D:9      | Found a staircase to the Lair.
 13316 | D:9      | Reached skill level 6 in Armour
 13390 | D:10     | Entered Level 10 of the Dungeon
 13431 | D:10     | Noticed a two-headed ogre
 13437 | D:10     | Killed a two-headed ogre
 13438 | D:10     | Reached skill level 11 in Fighting
 13700 | D:10     | Reached ***** piety under Wu Jian
 13745 | D:10     | Noticed an orc sorcerer
 13767 | D:10     | Found a staircase to the Orcish Mines.
 13871 | D:10     | Reached skill level 13 in Maces & Flails
 14078 | D:10     | Noticed Joseph
 14091 | D:10     | Killed Joseph
 14243 | D:10     | Found a shimmering altar of Xom.
 14244 | D:10     | Found a shimmering altar of Xom.
 14244 | D:10     | Found a shimmering altar of Xom.
 14246 | D:10     | Found a shimmering altar of Xom.
 14286 | D:10     | Killed an orc sorcerer
 14287 | D:10     | Reached XP level 12. HP: 131/132 MP: 15/15
 14554 | D:11     | Noticed Harold
 14570 | D:11     | Killed Harold
 14571 | D:11     | Reached skill level 12 in Fighting
 14571 | D:11     | Reached skill level 7 in Armour
 14640 | D:11     | Noticed a two-headed ogre
 14658 | D:11     | Killed a two-headed ogre
 15546 | Lair:1   | Entered Level 1 of the Lair of Beasts
 15612 | Lair:1   | Found a transporter.
 15791 | Lair:1   | Found a transporter.
 16513 | Lair:1   | Reached skill level 14 in Maces & Flails
 16645 | Lair:1   | Noticed a six-headed hydra
 16647 | Lair:1   | Killed a six-headed hydra
 17244 | Lair:2   | Reached skill level 13 in Fighting
 17367 | Lair:2   | Found a staircase to the Snake Pit.
 17555 | Lair:2   | Found a staircase to the Swamp.
 17734 | Lair:2   | Noticed a death yak
 17746 | Lair:2   | Killed a death yak
 17747 | Lair:2   | Reached skill level 8 in Armour
 17761 | Lair:2   | Reached XP level 13. HP: 119/144 MP: 16/16
 18479 | Lair:3   | Reached skill level 15 in Maces & Flails
 18482 | Lair:3   | Noticed Fannar
 18488 | Lair:3   | Noticed Rupert
 18498 | Lair:3   | Killed Fannar
 18498 | Lair:3   | Paralysed by Rupert for 3 turns
 18506 | Lair:3   | HP: 14/145 [Rupert/+1 vorpal battleaxe (4)]
 18508 | Lair:3   | HP: 3/145 [Rupert/+1 vorpal battleaxe (12)]
 18509 | Lair:3   | Slain by Rupert

Vanquished Creatures
  Harold (D:11)
  3 hydras
  Fannar (Lair:3)
  2 two-headed ogres
  A death yak (Lair:2)
  A manticore (D:11)
  An orc sorcerer (D:10)
  Joseph (D:10)
  An ugly thing (D:11)
  A black mamba (Lair:2)
  A torpor snail (Lair:2)
  An unseen horror (D:10)
  4 cane toads
  5 komodo dragons
  2 trolls
  Prince Ribbit (D:7)
  A queen bee (D:9)
  A hornet (D:9)
  12 blink frogs
  Sigmund (D:6)
  A vampire (D:10)
  A wraith (D:11)
  3 wyverns
  29 yaks
  4 shadows
  A basilisk (Lair:2)
  A steam dragon (D:7)
  A swamp worm (Lair:2)
  4 nagas (Lair:2)
  13 water moccasins
  Duvessa (D:5)
  An orc warrior (D:6)
  4 ice beasts
  3 black bears
  2 ogres
  3 centaurs
  3 wolves (Lair:3)
  A phantom (D:5)
  Blork the orc (D:5)
  3 kobold brigands
  9 bullfrogs
  2 necrophages
  A gnoll sergeant (D:7)
  2 scorpions
  10 wights (D:6)
  3 troll zombies (D:10)
  Dowan (D:5)
  31 killer bees (D:9)
  8 howler monkeys
  2 jellies
  2 hounds
  3 orc priests (D:6)
  5 iguanas
  5 orc wizards
  5 ogre zombies (D:10)
  11 gnolls
  7 adders
  2 white imps (D:7)
  A worm (D:2)
  2 dart slugs
  17 orcs
  9 ball pythons
  5 endoplasms
  8 goblins
  8 hobgoblins
  16 jackals
  22 kobolds
  4 quokkas
  6 bats
  3 frilled lizards
  A goblin skeleton (D:10)
  5 goblin zombies (D:10)
  A hobgoblin skeleton (D:10)
  2 hobgoblin zombies (D:10)
  6 orc skeletons (D:10)
  10 orc zombies (D:10)
  6 rats
363 creatures vanquished.

Vanquished Creatures (others)
  A kobold (D:8)
  19 fungi
  21 plants
41 creatures vanquished.

Grand Total: 404 creatures vanquished
